 Dungeon Crawl Stone Soup version 0.30.1-11-g7821555f0a (webtiles) character file.

Game seed: 1231516023778855003

82 Saladin the Magician (level 4, -1/31 HPs)
             Began as a Djinni Venom Mage on Jan 11, 2024.
             Was a Follower of Okawaru.
             Slain by a shadow imp (4 damage)
             ... on level 3 of the Dungeon.
             The game lasted 00:06:40 (1999 turns).

Saladin the Magician (Djinni Venom Mage)            Turns: 1999, Time: 00:06:41

Health: -1/31      AC:  2    Str:  7    XL:     4   Next: 70%
Gold:   151        EV: 12    Int: 19    God:    Okawaru [*.....] SH:  0 Dex: 13

rFire   + + .        e - +0 short sword
rCold   x . .        (no shield)
rNeg    . . .        a - +0 robe
rPois   ∞            (no helmet)
rElec   .            (no cloak)
rCorr   .            (no gloves)
SInv    .            (boots unavailable)
Will    .....        (no amulet)
Stlth   ++           (no ring)
HPRegen 0.25/turn    (no ring)
MPRegen 0.00/turn

%: infuse magic (-2 HP)
@: flying, very slightly contaminated
A: sickness immunity, fire resistance 2, cold vulnerability 1, float, innate
caster, HP casting, extra vitality 1
a: Renounce Religion, Heroism


You were on level 3 of the Dungeon.
You worshipped Okawaru.
Okawaru was aware of your devotion.
You visited 1 branch of the dungeon, and saw 3 of its levels.

You collected 151 gold pieces.

Inventory:

Hand Weapons
 e - a +0 short sword (weapon)
Armour
 a - a +0 robe (worn)
Scrolls
 c - a scroll of blinking
 i - a scroll of amnesia {unknown}
 j - a scroll of teleportation
 l - a scroll of vulnerability {unknown}
Potions
 b - 2 potions of degeneration {unknown}
 d - a potion of curing
 f - a potion of resistance {unknown}
 g - 2 potions of heal wounds {unknown}
 h - a potion of invisibility {unknown}
 k - a potion of flight {unknown}


   Skills:
 * Level 0.7 Fighting
 * Level 0.5 Short Blades
 * Level 0.9 Armour
 * Level 2.5 Dodging
 * Level 1.9 Stealth
 * Level 3.3 Spellcasting
 * Level 0.2 Invocations


You knew the following spells:

 Your Spells              Type           Power      Damage    Failure   Level
a - Sting                 Tmut/Pois      64%        1d6       3%          1
b - Poisonous Vapours     Pois/Air       32%        N/A       5%          2
c - Mephitic Cloud        Conj/Pois/Air  16%        N/A       11%         3
d - Olgreb's Toxic Radia  Pois           16%        N/A       36%         4
e - Necrotise             Necr           64%        1d7       3%          1
Your spell library was empty.

Dungeon Overview and Level Annotations

Branches:
Dungeon (3/15)

Altars:
Okawaru


Innate Abilities, Weirdness & Mutations

You are immune to sickness and miasma.
You are immune to poison.
Your flesh is very heat resistant. (rF++)
You are vulnerable to cold. (rC-)
You float through the air rather than walking.
You learn spells naturally, not from books.
Your magical power is your life essence.
You have superior vitality. (+4 MHP)


Message History

The shadow imp is heavily wounded.
The shadow imp closely misses you.
You closely miss the shadow imp.
The shadow imp is heavily wounded.
The shadow imp gestures at you.
You barely resist. You barely miss the shadow imp.
The shadow imp is heavily wounded.
The shadow imp hits you.
Aiming: Sting (safe; 3% risk of failure)
Press: ? - help, Q - select action, (/) - cycle Shift-Dir - straight line, f/p - shadow imp
Aim: a shadow imp (moderately wounded, 71% to hit)
The sting hits the shadow imp.
The shadow imp partially resists.
The shadow imp is severely wounded.
The shadow imp hits you.
You hit the shadow imp but do no damage.
The shadow imp is severely wounded.
The shadow imp misses you.
Aiming: Sting (safe; 3% risk of failure)
Press: ? - help, Q - select action, (/) - cycle Shift-Dir - straight line, f/p - shadow imp
Aim: a shadow imp (severely wounded, 71% to hit)
You miscast Sting.
You are very lightly contaminated with residual magic.
Nothing appears to happen.
The shadow imp hits you.
Aiming: Sting (safe; 3% risk of failure)
Press: ? - help, Q - select action, (/) - cycle Shift-Dir - straight line, f/p - shadow imp
Aim: a shadow imp (severely wounded, 71% to hit)
The sting hits the shadow imp.
The shadow imp partially resists.
The shadow imp is almost dead.
The shadow imp hits you but does no damage.
You barely miss the shadow imp.
The shadow imp is almost dead.
The shadow imp gestures at you. Pain shoots through your body!
* * * LOW HITPOINT WARNING * * *
You hit the shadow imp but do no damage.
The shadow imp is almost dead.
The shadow imp hits you.
You die...

#### #..
#5# #@#
##.##
#...#####
#..<....#
#...###.#
#####


You could see a shadow imp.

Vanquished Creatures
  4 adders (D:2)
  A worm (D:2)
  2 dart slugs
  2 ball pythons (D:2)
  5 endoplasms
  3 giant cockroaches
  A goblin (D:2)
  2 hobgoblins
  4 jackals (D:2)
  3 bats
  2 frilled lizards
  6 kobolds
  6 rats
41 creatures vanquished.

Notes
Turn   | Place    | Note
-------+----------+-------------------------------------------
     0 | D:1      | Saladin the Djinni Venom Mage began the quest for the Orb.
     0 | D:1      | Saladin set off with the following spells memorised: Sting,
                  | Poisonous Vapours, Mephitic Cloud, Olgreb's Toxic Radiance.
     0 | D:1      | Reached XP level 1. HP: 15/15 MP: 0/0
   178 | D:1      | Reached XP level 2. HP: 15/21 MP: 0/0
   305 | D:2      | Found a faded altar of an unknown god.
   318 | D:2      | Prayed at the altar of an unknown god.
   318 | D:2      | Became a worshipper of Warmaster Okawaru
   318 | D:2      | Reached * piety under Okawaru
   364 | D:2      | Reached skill level 3 in Spellcasting
   364 | D:2      | Reached XP level 3. HP: 16/26 MP: 0/0
   364 | D:2      | Learned a level 1 spell: Necrotise
   643 | D:2      | Reached XP level 4. HP: 22/31 MP: 0/0
  1999 | D:3      | Slain by a shadow imp

Illustrated notes

Levels and vault maps discovered:
D:1:      psy_arrival_heroes, layout_basic
D:2:      layout_loops_ring, shapermc_ecumenical_altar_flowoftime,
          grunt_ministairs_14, minmay_fountain_box
D:3:      layout_loops_ring, cheibrodos_ashenzari_chains

Skill      XL: |  1  2 |
---------------+-------+-----
Spellcasting   | 3 |  3.3
Fighting       | |  0.7
Short Blades   | |  0.5
Armour         | |  0.9
Dodging        | |  2.5
Stealth        | |  1.9
Invocations    | |  0.2

Action                     |  1- 3 |  4- 6 || total
---------------------------+-------+-------++-------
  Melee: Unarmed           |     1 |       ||     1
         Short sword       |    25 |    28 ||    53
   Cast: Sting             |    30 |    12 ||    42
         Poisonous Vapours |     2 |       ||     2
         Necrotise         |     7 |     1 ||     8
         Olgreb's Toxic Ra |       |     2 ||     2
         Mephitic Cloud    |       |     1 ||     1
    Use: Scroll            |     3 |       ||     3
         Potion            |     1 |       ||     1
   Stab: Sleeping          |       |     2 ||     2
 Armour: Robe              |    11 |     4 ||    15
  Dodge: Dodged            |    32 |    17 ||    49
